 Dungeon Crawl Stone Soup version 0.31.0-9-g3a7656b989 (webtiles) character file.

Game seed: 13633763488343641151

392 qw the Skirmisher (level 6, -10/36 HPs)
             Began as a Deep Elf Hunter on Feb 2, 2024.
             Mangled by an ogre
             ... wielding a +0 giant club
              (24 damage)
             ... on level 5 of the Dungeon.
             The game lasted 00:00:13 (3097 turns).

qw the Skirmisher (Deep Elf Hunter)                 Turns: 3097, Time: 00:00:14

Health: -10/36     AC:  7    Str: 10    XL:     6   Next: 50%
Magic:  8/8        EV: 11    Int: 14    God:
Gold:   41         SH:  0    Dex: 18    Spells: 5/5 levels left

rFire   . . .        a - +2 shortbow
rCold   + . .        (shield currently unavailable)
rNeg    . . .        j - +0 ring mail
rPois   .            m - +2 hat
rElec   .            (no cloak)
rCorr   .            (no gloves)
SInv    .            (no boots)
Will    +....        n - amulet of regeneration
Stlth   +            e - ring of willpower
HPRegen 1.06/turn    f - ring of protection from cold
MPRegen 0.11/turn

%: no passive effects
@: no status effects
A: no striking features
a: no special abilities


You were on level 5 of the Dungeon.
You visited 1 branch of the dungeon, and saw 5 of its levels.

You collected 319 gold pieces.
You spent 278 gold pieces at shops.


   Skills:
 - Level 2.4 Fighting
 + Level 9.9 Ranged Weapons
 - Level 2.4 Dodging
 - Level 1.2 Stealth


You had 5 spell levels left.
You didn't know any spells.
Your spell library was empty.

Inventory:

Hand Weapons
 a - a +2 shortbow (weapon)
Armour
 j - a +0 ring mail (worn)
 m - a +2 hat (worn)
Jewellery
 e - a ring of willpower (left hand)
 f - a ring of protection from cold (right hand)
 n - an amulet of regeneration (around neck)
Wands
 c - a wand of iceblast (5)
Scrolls
 g - 3 scrolls of teleportation
 k - 3 scrolls of identify
Potions
 b - 3 potions of curing
 i - a potion of heal wounds
 l - a potion of might

Dungeon Overview and Level Annotations

Branches:
Dungeon (5/15)
 Temple: D:4-7

Altars:
Elyvilon
Ru

Shops:
D:1 !:=*   D:2 :   D:4 ??


Message History

3085 ||| RETREEEEATING.
Enter note:
3086 ||| RETREEEEATING.
The hound attacks as it pursues you! The hound bites you but does no damage.
The hound bites you.
Enter note:
3087 ||| RETREEEEATING.
Enter note:
3088 ||| RETREEEEATING.
The hound bites you but does no damage.
Enter note:
3089 ||| RETREEEEATING.
You shoot an arrow. The arrow barely misses the hound.
The arrow hits the ice beast!
The ice beast is moderately wounded.
The hound bites you. The hound bites you but does no damage.
You shoot an arrow. The arrow closely misses the hound.
The arrow hits the ice beast.
The ice beast is heavily wounded.
The hound bites you. The hound bites you but does no damage.
You shoot an arrow. The arrow hits the hound!
The hound is heavily wounded.
The hound bites you but does no damage. The hound closely misses you.
You shoot an arrow. The arrow misses the hound.
The arrow barely misses the ice beast.
You shoot an arrow. The arrow hits the ogre.
The ogre is moderately wounded.
You shoot an arrow.
The arrow hits the ogre but does no damage.
The ogre is moderately wounded.
The ogre hits you with a +0 giant club!!
Ouch! That really hurt!
You shoot an arrow. The arrow hits the ogre!
The ogre is heavily wounded.
The ogre closely misses you.
You shoot an arrow. The arrow hits the ogre!
The ogre is almost dead.
The ogre hits you with a +0 giant club!!
Ouch! That really hurt!
You die...

.......##...........#
.......#..#:........#
.........###.##.#####
...%...### #.##.##
...<..## #.##..#
......# .###.#
.....## ## #.# ......
#.# .#.#..# #@#
...#..#### #####O#
..##......##...hY##
.. ...........[..##
..............#
..........>...#
<.............#
..............#
..............#


You could see an ice beast, an ogre and a hound.

Vanquished Creatures
  2 ogres (D:4)
  A bombardier beetle (D:4)
  A hound (D:5)
  An orc priest (D:3)
  4 adders
  5 dart slugs
  A ribbon worm (D:2)
  8 orcs (D:3)
  6 endoplasms
  A giant cockroach (D:1)
  12 goblins
  4 hobgoblins
  3 jackals (D:1)
  3 quokkas
  6 ball pythons
  7 bats
  4 frilled lizards
  7 kobolds
  7 rats
83 creatures vanquished.

Notes
Turn   | Place    | Note
-------+----------+-------------------------------------------
     0 | D:1      | qw the Deep Elf Hunter began the quest for the Orb.
     0 | D:1      | Reached XP level 1. HP: 12/12 MP: 3/3
     0 | D:1      | 0 ||| qw: Version: 0.3-a-155-g5e7d8dd
     0 | D:1      | 0 ||| qw: Game counter: 2721
     0 | D:1      | 0 ||| qw: Melee chars always use a shield: true
     0 | D:1      | 0 ||| qw: God list: Okawaru
     0 | D:1      | 0 ||| qw: Allow faded altars: false
     0 | D:1      | 0 ||| qw: Do Orc after clearing Dungeon:15 true
     0 | D:1      | 0 ||| qw: Do second Lair branch before Depths: true
     0 | D:1      | 0 ||| qw: Lair rune preference: random
     0 | D:1      | 0 ||| qw: Goals: Normal
     0 | D:1      | 0 ||| PLANNING D:1-11
   111 | D:1      | Reached skill level 6 in Ranged Weapons
   111 | D:1      | Reached XP level 2. HP: 16/16 MP: 4/4
   176 | D:1      | Found Qat Omad's Jewellery Shop.
   201 | D:1      | 201 ||| SHOPLISTING +4 ring of protection (504 gold, have
                  | 22).
   201 | D:1      | 201 ||| SHOPLISTING +6 ring of strength (504 gold, have
                  | 22).
   201 | D:1      | 201 ||| SHOPLISTING ring "Suici" {rF+ Dex+3} (536 gold,
                  | have 22).
   201 | D:1      | 201 ||| SHOPLISTING ring of Doubts {rCorr MP+9} (642 gold,
                  | have 22).
   201 | D:1      | 201 ||| SHOPLISTING ring of Iwytis {rElec rF- rN+ rCorr
                  | Int+3} (525 gold, have 22).
   201 | D:1      | 201 ||| SHOPLISTING ring of protection from fire (350 gold,
                  | have 22).
   201 | D:1      | 201 ||| SHOPLISTING ring of willpower (350 gold, have 22).
   283 | D:1      | Found Sujots's General Store.
   310 | D:1      | 310 ||| SHOPLISTING +0 ring mail (56 gold, have 22).
   310 | D:1      | 310 ||| SHOPLISTING +2 helmet of intelligence (301 gold,
                  | have 22).
   310 | D:1      | 310 ||| SHOPLISTING scroll of identify (28 gold, have 22).
   341 | D:1      | Found Ahu Enug's Book Shoppe.
   372 | D:1      | Reached XP level 3. HP: 20/20 MP: 5/5
   431 | D:1      | Found Jukelota's Distillery.
   437 | D:1      | 437 ||| SHOPLISTING 2 potions of enlightenment (140 gold,
                  | have 49).
   437 | D:1      | 437 ||| BUYING potion of curing (42 gold).
   437 | D:1      | Bought a potion of curing for 42 gold pieces
   437 | D:1      | 437 ||| SHOPLISTING potion of enlightenment (70 gold, have
                  | 7).
   437 | D:1      | 437 ||| SHOPLISTING potion of might (56 gold, have 7).
   853 | D:1      | 853 ||| UPGRADING to +0 ring mail.
   863 | D:1      | 863 ||| DROPPING +0 leather armour.
   864 | D:1      | 864 ||| UPGRADING to amulet of guardian spirit.
   869 | D:1      | 869 ||| READING scroll labelled QODDAS VODDOHASM.
   869 | D:1      | 869 ||| IDENTIFYING fizzy black potion
   870 | D:1      | 870 ||| READING 2 scrolls labelled QAHITU NACERE.
   873 | D:1      | 873 ||| READING scroll labelled FIQUT XOHIGEH.
   874 | D:1      | 874 ||| DROPPING scroll of butterflies.
   875 | D:1      | 875 ||| DROPPING potion of ambrosia.
   877 | D:1      | 877 ||| Stepping ~*~*~tactically~*~*~ (cloud).
   878 | D:1      | 878 ||| DRINKING potion of curing.
   878 | D:1      | 878 ||| (to cure poison)
   916 | D:2      | Reached skill level 7 in Ranged Weapons
  1002 | D:2      | Identified the +3 mace "Bofec" {speed, rF++ rC- SInv
                  | Stlth+}
  1237 | D:2      | Reached XP level 4. HP: 25/25 MP: 6/6
  1247 | D:2      | Found Kelo's Book Emporium.
  1574 | D:2      | 1574 ||| READING scroll of identify.
  1574 | D:2      | 1574 ||| IDENTIFYING scroll labelled CUFUTR LYROOWI
  1575 | D:2      | 1575 ||| DROPPING scroll of amnesia.
  1934 | D:3      | Reached skill level 8 in Ranged Weapons
  2301 | D:3      | 2301 ||| UPGRADING to +0 helmet.
  2306 | D:3      | 2306 ||| UPGRADING to ring of willpower.
  2307 | D:3      | 2307 ||| UPGRADING to ring of protection from cold.
  2308 | D:3      | 2308 ||| READING scroll labelled IBLOENT CUTAI.
  2309 | D:3      | 2309 ||| READING scroll labelled JAURACKO JEOXT.
  2340 | D:4      | Found Ramidwo's Magic Scroll Emporium.
  2346 | D:4      | 2346 ||| BUYING scroll of enchant weapon (75 gold).
  2346 | D:4      | Bought a scroll of enchant weapon for 75 gold pieces
  2346 | D:4      | 2346 ||| BUYING scroll of enchant weapon (75 gold).
  2346 | D:4      | Bought a scroll of enchant weapon for 75 gold pieces
  2346 | D:4      | 2346 ||| BUYING scroll of identify (20 gold).
  2346 | D:4      | Bought a scroll of identify for 20 gold pieces
  2346 | D:4      | 2346 ||| SHOPLISTING scroll of teleportation (30 gold, have
                  | 3).
  2346 | D:4      | 2346 ||| READING 2 scrolls of enchant weapon.
  2346 | D:4      | 2346 ||| ENCHANTING +0 shortbow.
  2347 | D:4      | 2347 ||| READING scroll of enchant weapon.
  2347 | D:4      | 2347 ||| ENCHANTING +1 shortbow.
  2510 | D:4      | Reached XP level 5. HP: 29/29 MP: 7/7
  2549 | D:4      | Found a sacrificial altar of Ru.
  2572 | D:4      | Found a white marble altar of Elyvilon.
  2699 | D:4      | Noticed an ogre
  2701 | D:4      | 2701 ||| ZAPPING wand of iceblast (8) at -1,-5 (ogre;
                  | floor).
  2702 | D:4      | 2702 ||| ZAPPING wand of iceblast (7) at 0,-4 (ogre;
                  | floor).
  2702 | D:4      | Killed an ogre
  2702 | D:4      | Noticed an ogre
  2703 | D:4      | Reached skill level 9 in Ranged Weapons
  2705 | D:4      | 2705 ||| ZAPPING wand of iceblast (6) at 0,4 (floor).
  2705 | D:4      | Killed an ogre
  2706 | D:4      | Reached XP level 6. HP: 36/36 MP: 8/8
  2717 | D:4      | Found Curryror's Magic Scroll Emporium.
  2725 | D:4      | 2725 ||| SHOPLISTING scroll of enchant armour (82 gold,
                  | have 71).
  2725 | D:4      | 2725 ||| SHOPLISTING scroll of enchant weapon (82 gold,
                  | have 71).
  2725 | D:4      | 2725 ||| BUYING scroll of identify (22 gold).
  2725 | D:4      | Bought a scroll of identify for 22 gold pieces
  2725 | D:4      | 2725 ||| BUYING scroll of identify (22 gold).
  2725 | D:4      | Bought a scroll of identify for 22 gold pieces
  2725 | D:4      | 2725 ||| BUYING scroll of identify (22 gold).
  2725 | D:4      | Bought a scroll of identify for 22 gold pieces
  2725 | D:4      | 2725 ||| SHOPLISTING scroll of identify (22 gold, have 5).
  2725 | D:4      | 2725 ||| SHOPLISTING scroll of teleportation (33 gold, have
                  | 5).
  2899 | D:4      | 2899 ||| UPGRADING to +2 hat.
  2909 | D:4      | 2909 ||| DROPPING +0 helmet.
  2910 | D:4      | 2910 ||| UPGRADING to amulet of regeneration.
  2920 | D:4      | 2920 ||| DROPPING amulet of guardian spirit.
  2921 | D:4      | 2921 ||| READING 5 scrolls of identify.
  2921 | D:4      | 2921 ||| IDENTIFYING white potion
  2922 | D:4      | 2922 ||| READING 4 scrolls of identify.
  2922 | D:4      | 2922 ||| IDENTIFYING sedimented silvery potion
  2960 | D:5      | Entered Level 5 of the Dungeon
  3071 | D:5      | Noticed an ice beast
  3076 | D:5      | 3076 ||| RETREEEEATING.
  3077 | D:5      | 3077 ||| RETREEEEATING.
  3080 | D:5      | 3080 ||| RETREEEEATING.
  3081 | D:5      | 3081 ||| RETREEEEATING.
  3082 | D:5      | 3082 ||| RETREEEEATING.
  3083 | D:5      | 3083 ||| RETREEEEATING.
  3084 | D:5      | 3084 ||| RETREEEEATING.
  3085 | D:5      | 3085 ||| RETREEEEATING.
  3086 | D:5      | 3086 ||| RETREEEEATING.
  3087 | D:5      | 3087 ||| RETREEEEATING.
  3088 | D:5      | 3088 ||| RETREEEEATING.
  3089 | D:5      | 3089 ||| RETREEEEATING.
  3097 | D:5      | Mangled by an ogre

Levels and vault maps discovered:
D:1:      ncdulo_smallfort, layout_loops_ring, serial_shops,
          nicolae_shop_hallway_stairs, shop, nicolae_shop_waterfront,
          nicolae_diamond_shop, chequers_serial_rivers_small_a
D:2:      layout_loops_ring, serial_shops, shop, grunt_decor_cap
D:3:      layout_basic
D:4:      layout_loops_ring, mainiacjoe_overflow_catwalk_spiral, serial_shops,
          shop, nicolae_square_shop, serial_park_tiny_pond
D:5:      layout_rooms, minmay_temple_entry_ruins, serial_shops,
          nicolae_shop_crystal, roderic_lattice_a

Skill      XL: |  1  2  3  4  5 |
---------------+----------------+-----
Ranged Weapons | 6 7 8 9 |  9.9
Fighting       | 2 |  2.4
Dodging        | |  2.4
Stealth        | |  1.2

Action                     |  1- 3 |  4- 6 || total
---------------------------+-------+-------++-------
   Fire: Shortbow          |   136 |   105 ||   241
  Evoke: Wand              |       |     3 ||     3
    Use: Scroll            |     3 |     7 ||    10
         Potion            |     1 |       ||     1
 Armour: Leather armour    |    24 |       ||    24
         Ring mail         |     3 |    23 ||    26
  Dodge: Dodged            |    35 |    16 ||    51

Table legend:
 A = Non-vault XP
 B = Vault XP
 C = Vault XP percentage of total XP
 D = Non-vault monster count
 E = Vault monster count
 F = Vault count percentage of total count
                 A         B        C        D         E       F
            +---------+---------+-------+---------+---------+-------
      Total |     560 |       0 |   0.0 |      83 |       0 |   0.0
            +---------+---------+-------+---------+---------+-------
        D:1 |      62 |       0 |   0.0 |      35 |       0 |   0.0
        D:2 |      48 |       0 |   0.0 |      19 |       0 |   0.0
        D:3 |      78 |       0 |   0.0 |      16 |       0 |   0.0
        D:4 |     312 |       0 |   0.0 |      10 |       0 |   0.0
        D:5 |      60 |       0 |   0.0 |       3 |       0 |   0.0
            +---------+---------+-------+---------+---------+-------
